 Dungeon Sprint DCSS version 0.27.1-33-g824d729ab1 (webtiles) character file.

Game seed: 16054830668180418203

429 Hipnos the Covert (level 6, -2/39 HPs)
             Began as a Gargoyle Brigand on Dec 2, 2021.
             Was an Initiate of Okawaru.
             Slain by a slime creature (7 damage)
             ... in the Dungeon (Sprint I: "Red Sonja").
             The game lasted 00:02:55 (342 turns).

Hipnos the Covert (Gargoyle Brigand)                 Turns: 342, Time: 00:02:56

Health: -2/39      AC:  7    Str: 15    XL:     6   Next: 98%
Magic:  6/6        EV: 12    Int: 11    God:    Okawaru [......]
Gold:   303        SH:  0    Dex: 13    Spells: 5/5 levels left

rFire    . . .     SeeInvis .   a - +2 dagger
rCold    . . .     Faith    .   (no shield)
rNeg     + . .     Spirit   .   b - +0 robe
rPois    ∞         Reflect  .   (no helmet)
rElec    +         Harm     .   c - +0 cloak
rCorr    .         Rampage  .   (no gloves)
Will     .....     NoTele   +   (no boots)
Stlth    ++++++....             (no amulet)
HPRegen  0.13/turn              (no ring)
MPRegen  0.10/turn              (no ring)

@: hasted, very quick
A: sickness immunity, AC +4, negative energy resistance 1, electricity
resistance, torment resistance 1, petrification resistance
a: Renounce Religion


You were in the Dungeon.
You worshipped Okawaru.
Okawaru was noncommittal.
You visited 1 branch You collected 303 gold pieces.

Inventory:

Hand Weapons
 a - a +2 dagger (weapon)
Armour
 b - a +0 robe (worn)
 c - a +0 cloak (worn)
Scrolls
 k - a scroll of blinking
Potions
 f - a potion of curing
 i - 2 potions of magic


   Skills:
 + Level 4.4 Fighting
 + Level 4.1 Short Blades
 + Level 4.5 Throwing
 + Level 1.2 Dodging
 * Level 14.5 Stealth


You had 5 spell levels left.
You didn't know any spells.
Your spell library was empty.

Dungeon Overview and Level Annotations

Branches:
Dungeon (1/1)

Altars:
Cheibriados
Dithmenos
Elyvilon
Fedhas
Gozag
Hepliaklqana
Kikubaaqudgha
Makhleb
Nemelex Xobeh
Okawaru
Qazlal
Ru
Sif Muna
Trog
Uskayaw
Vehumet
Wu Jian
Xom
Yredelemnul
Zin
The Shining One
Jiyva
Lugonu

Shops:
D :


Innate Abilities, Weirdness & Mutations

You are immune to sickness and miasma.
Your stone body is resilient. (AC +4)
You are immune to poison.
You resist negative energy. (rN+)
You are resistant to electric shocks. (rElec)
You are resistant to unholy torment.
You are immune to petrification.


Message History

Press: ? - help, Q - select action Shift-Dir - straight line, f/p - slime creature
Aim: a slime creature (lightly wounded, very poisoned, 83% to hit)
You throw a poisoned dart.
The poisoned dart hits the slime creature.
The slime creature is lightly wounded.
The slime creature barely misses you.
There is an open door here.
Things that are here:
a +0 giant club; an ogre skeleton
There is an open door here.
Unknown command.
You feel yourself speed up. The slime creature barely misses you.
You hit the slime creature but do no damage.
The slime creature is moderately wounded.
The slime creature closely misses you.
You hit the slime creature.
The slime creature is moderately wounded.
You hit the slime creature.
The slime creature is moderately wounded.
The slime creature barely misses you.
You hit the slime creature.
The slime creature is moderately wounded.
You hit the slime creature.
The slime creature is moderately wounded.
The slime creature closely misses you.
You hit the slime creature.
The slime creature is moderately wounded.
You hit the slime creature.
The slime creature is moderately wounded.
The slime creature closely misses you.
You hit the slime creature.
The slime creature is heavily wounded.
You hit the slime creature.
The slime creature is heavily wounded.
The slime creature hits you!
* * * LOW HITPOINT WARNING * * *
You barely miss the slime creature.
The slime creature is heavily wounded.
The slime creature hits you!
You die...

################ ##
#<.#..@J.#..(.(#__#
#..').#.)'..#..'(.+
#..#####'#####'#__#
#).####..#...#.# ##
#..#__####..##)#
#..#_____##'#_.+
#⌠⌠#_.∩...'..._#
####_..__##_.#'#
#_____###+#)#


You could see a slime creature (poisoned).

Vanquished Creatures
  Sigmund (D)
  A yak (D)
  An ogre (D)
  A jelly (D)
  Ijyb (D)
5 creatures vanquished.

Notes
Turn   | Place    | Note
-------+----------+-------------------------------------------
     0 | D        | Hipnos the Gargoyle Brigand began the quest for the Orb.
     0 | D        | Reached XP level 1. HP: 12/12 MP: 1/1
     1 | D        | Noticed Ijyb
    11 | D        | Killed Ijyb
    12 | D        | Reached skill level 7 in Stealth
    12 | D        | Reached XP level 2. HP: 18/18 MP: 2/2
    24 | D        | Noticed an ogre
    27 | D        | Killed an ogre
    28 | D        | Reached skill level 1 in Dodging
    28 | D        | Reached skill level 10 in Stealth
    28 | D        | Reached XP level 3. HP: 23/23 MP: 3/3
    28 | D        | Reached XP level 4. HP: 28/28 MP: 4/4
    43 | D        | Noticed Sigmund
    58 | D        | HP: 1/28 [Sigmund/magic dart (6)]
    77 | D        | Killed Sigmund
    78 | D        | Reached skill level 13 in Stealth
    78 | D        | Reached XP level 5. HP: 20/33 MP: 5/5
    78 | D        | Reached XP level 6. HP: 23/38 MP: 6/6
   259 | D        | Found an ornate altar of the Wu Jian Council.
   259 | D        | Found a shimmering blue altar of Sif Muna.
   261 | D        | Found a radiant altar of Vehumet.
   268 | D        | Found Alyudut's Book Emporium.
   268 | D        | Found an ancient bone altar of Kikubaaqudgha.
   268 | D        | Found a hazy altar of Hepliaklqana.
   268 | D        | Found a stormy altar of Qazlal.
   268 | D        | Found a hide-covered altar of Uskayaw.
   268 | D        | Found a blossoming altar of Fedhas.
   268 | D        | Found a bloodstained altar of Trog.
   268 | D        | Found an iron altar of Okawaru.
   268 | D        | Found a basalt altar of Yredelemnul.
   268 | D        | Found a glowing golden altar of the Shining One.
   268 | D        | Found a snail-covered altar of Cheibriados.
   268 | D        | Found a sacrificial altar of Ru.
   268 | D        | Found a glowing silver altar of Zin.
   268 | D        | Found a shadowy altar of Dithmenos.
   268 | D        | Found a white marble altar of Elyvilon.
   268 | D        | Noticed a yak
   269 | D        | Found an opulent altar of Gozag.
   270 | D        | Killed a yak
   271 | D        | Reached skill level 14 in Stealth
   271 | D        | Found a sparkling altar of Nemelex Xobeh.
   276 | D        | Became a worshipper of Warmaster Okawaru
   313 | D        | Found a burning altar of Makhleb.
   313 | D        | Found a viscous altar of Jiyva.
   313 | D        | Found a shimmering altar of Xom.
   313 | D        | Found a corrupted altar of Lugonu.
   313 | D        | Noticed a slime creature
   342 | D        | Slain by a slime creature

Illustrated notes

Levels and vault maps discovered:
D:        dungeon_sprint_1 [red_sonja_temple_1, red_sonja_temple_small_1]

Skill      XL: |  1  2  3  4  5  6 |
---------------+-------------------+-----
Short Blades   | 2 3 4 |  4.1
Throwing       | 2 3 4 |  4.5
Stealth        | 7 10 13 14 | 14.5
Fighting       | 3 4 |  4.4
Dodging        | 1 |  1.2

Action                   |  1- 3 |  4- 6 || total
-------------------------+-------+-------++-------
Melee: Dagger            |     1 |    22 ||    23
Throw: Dart              |     5 |    17 ||    22
  Use: Potion            |       |     3 ||     3
 Stab: Sleeping          |     1 |     2 ||     3
Armor: Robe              |       |     2 ||     2
Dodge: Dodged            |     2 |    12 ||    14
